BSA
AUSTIN RIVER SHARKS @ SPRINGFIELD STARS
09/05/2027
 
TOP OF THE 1ST
Austin River Sharks batting - Pitching for Springfield Stars : RHP Dae-ho Kim
Pitching: RHP Dae-ho Kim
Batting: RHB Eric Neal 0-0: Ball
1-0: Foul Ball, location: 2F
1-1: Ball
2-1: SINGLE (Groundball, 4MD)
Batting: RHB Carlos Guzmán 0-0: Foul Ball, location: 2F
0-1: Ball
1-1: Called Strike
1-2: Strikes out swinging
Batting: SHB Juan Castro 0-0: Ball
1-0: Ball
2-0: Foul Ball, location: 2F
2-1: Foul Ball, location: 2F
2-2: Strikes out swinging
Batting: LHB Pedro Zaragoza 0-0: Called Strike
0-1: Ball
1-1: Called Strike
1-2: Ball
2-2: DOUBLE (Line Drive, 78XD)
Eric Neal to third
Eric Neal scores
Batting: RHB Kenneth Roberts 0-0: Called Strike
0-1: Called Strike
0-2: Ball
1-2: Strikes out looking
Top of the 1st over - 1 run(s), 2 hit(s), 0 error(s), 1 left on base; Austin 1 - Springfield 0
BOTTOM OF THE 1ST
Springfield Stars batting - Pitching for Austin River Sharks : LHP Dave Huot
Pitching: LHP Dave Huot
Batting: LHB Ryan Drake 0-0: Called Strike
0-1: Called Strike
0-2: Foul Ball, location: 2F
0-2: Fly out, F3 (Line Drive, 3S)
Batting: RHB Calvin Bennett 0-0: Called Strike
0-1: Ball
1-1: Ball
2-1: Ball
3-1: Base on Balls
Batting: LHB Derek Davidson 0-0: Ball
1-0: Ball
2-0: Called Strike
2-1: Reached on error, E1 (Groundball, 13S)
Calvin Bennett to second
Batting: LHB Felipe Guerrero 0-0: Ball
1-0: Foul Ball, location: 2F
1-1: Swinging Strike
1-2: Ball
2-2: Foul Ball, location: 2F
2-2: Ball
3-2: Fly out, F9 (Flyball, 89S)
Batting: SHB Shane Hutchinson 0-0: Called Strike
0-1: Ball
1-1: DOUBLE (Flyball, 8LXD)
Calvin Bennett scores
Derek Davidson to third
Runner from 3rd tries for Home, SAFE, no throw
Batting: LHB Elliott Newell 0-0: Ball
1-0: Ball
2-0: Fly out, F9 (Line Drive, 89M)
Bottom of the 1st over - 2 run(s), 1 hit(s), 1 error(s), 1 left on base; Austin 1 - Springfield 2
TOP OF THE 2ND
Austin River Sharks batting - Pitching for Springfield Stars : RHP Dae-ho Kim
Batting: LHB Harry Pitts 0-0: Ball
1-0: Called Strike
1-1: Called Strike
1-2: Foul Ball, location: 2F
1-2: Strikes out looking
Batting: RHB Orlando Bruno 0-0: SINGLE (Groundball, 6MD)
Batting: RHB Clark Hodge 0-0: Called Strike
0-1: Ball
1-1: Ground out 5-3 (Groundball, 5S)
Orlando Bruno to second
Batting: SHB Juan Acevado 0-0: Ball
1-0: Fly out, F9 (Flyball, 9)
Top of the 2nd over - 0 run(s), 1 hit(s), 0 error(s), 1 left on base; Austin 1 - Springfield 2
BOTTOM OF THE 2ND
Springfield Stars batting - Pitching for Austin River Sharks : LHP Dave Huot
Batting: RHB Will Sterling 0-0: Ball
1-0: Foul Ball, location: 2F
1-1: Called Strike
1-2: Foul Ball, location: 2F
1-2: Strikes out swinging
Batting: LHB Jesús Tobías 0-0: Foul Ball, location: 2F
0-1: Swinging Strike
0-2: Ball
1-2: Strikes out looking
Batting: RHB Juan Rodríguez 0-0: Swinging Strike
0-1: Swinging Strike
0-2: Ball
1-2: Strikes out swinging
Bottom of the 2nd over - 0 run(s), 0 hit(s), 0 error(s), 0 left on base; Austin 1 - Springfield 2
TOP OF THE 3RD
Austin River Sharks batting - Pitching for Springfield Stars : RHP Dae-ho Kim
Batting: RHB Eric Neal 0-0: Fly out, F7 (Flyball, 7)
Batting: RHB Carlos Guzmán 0-0: Called Strike
0-1: Ball
1-1: Foul Ball, location: 2F
1-2: Strikes out swinging
Batting: SHB Juan Castro 0-0: Ball
1-0: Called Strike
1-1: Foul Ball, location: 2F
1-2: Ball
2-2: Ground out 1-3 (Groundball, 13S)
Top of the 3rd over - 0 run(s), 0 hit(s), 0 error(s), 0 left on base; Austin 1 - Springfield 2
BOTTOM OF THE 3RD
Springfield Stars batting - Pitching for Austin River Sharks : LHP Dave Huot
Batting: LHB Ryan Drake 0-0: Ball
1-0: Ball
2-0: Called Strike
2-1: Ball
3-1: Foul Ball, location: 2F
3-2: Foul Ball, location: 2F
3-2: Base on Balls
Batting: RHB Calvin Bennett 0-0: Ball
1-0: Fly out, F4 (Line Drive, 4)
Batting: LHB Derek Davidson 0-0: Ball
1-0: 2-RUN HOME RUN (Flyball, 8RXD) (Inside the Park)
Batting: LHB Felipe Guerrero 0-0: Called Strike
0-1: Ball
1-1: Ball
2-1: Ball
3-1: Foul Ball, location: 2F
3-2: Base on Balls
Batting: SHB Shane Hutchinson 0-0: Ball
Felipe Guerrero is caught stealing 2nd base
1-0: Foul Ball, location: 2F
1-1: Fly out, F4 (Popup, 4)
Bottom of the 3rd over - 2 run(s), 1 hit(s), 0 error(s), 0 left on base; Austin 1 - Springfield 4
TOP OF THE 4TH
Austin River Sharks batting - Pitching for Springfield Stars : RHP Dae-ho Kim
Batting: LHB Pedro Zaragoza 0-0: Called Strike
0-1: SINGLE (Line Drive, 7S)
Batting: RHB Kenneth Roberts 0-0: Called Strike
0-1: Ball
1-1: Ball
2-1: Called Strike
2-2: Ball
3-2: Foul Ball, location: 2F
3-2: SINGLE (Line Drive, 56D)
Pedro Zaragoza to second
Batting: LHB Harry Pitts 0-0: Called Strike
0-1: Ball
1-1: Foul Ball, location: 2F
1-2: Foul Ball, location: 2F
1-2: Foul Ball, location: 2F
1-2: Strikes out looking
Batting: RHB Orlando Bruno 0-0: Called Strike
0-1: Foul Ball, location: 2F
0-2: Ball
1-2: Ball
2-2: Strikes out swinging
Batting: RHB Clark Hodge 0-0: Ball
1-0: Ball
2-0: Ball
3-0: Base on Balls
Pedro Zaragoza to third
Kenneth Roberts to second
Batting: SHB Juan Acevado 0-0: Swinging Strike
0-1: Ball
1-1: Ball
2-1: Called Strike
2-2: Strikes out looking
Top of the 4th over - 0 run(s), 2 hit(s), 0 error(s), 3 left on base; Austin 1 - Springfield 4
BOTTOM OF THE 4TH
Springfield Stars batting - Pitching for Austin River Sharks : LHP Dave Huot
Batting: LHB Elliott Newell 0-0: Ball
1-0: Foul Ball, location: 2F
1-1: Fly out, F8 (Flyball, 78S)
Batting: RHB Will Sterling 0-0: Ball
1-0: Ball
2-0: Foul Ball, location: 2F
2-1: SINGLE (Groundball, 56D)
Batting: LHB Jesús Tobías 0-0: Fly out, F8 (Flyball, 89S)
Batting: RHB Juan Rodríguez 0-0: Ground out 1-3 (Groundball, 13)
Bottom of the 4th over - 0 run(s), 1 hit(s), 0 error(s), 1 left on base; Austin 1 - Springfield 4
TOP OF THE 5TH
Austin River Sharks batting - Pitching for Springfield Stars : RHP Dae-ho Kim
Batting: RHB Eric Neal 0-0: Ball
1-0: Ball
2-0: Called Strike
2-1: Ball
3-1: Base on Balls
Batting: RHB Carlos Guzmán 0-0: SINGLE (Groundball, 34D)
Eric Neal to second
Runner from 2nd tries for 3rd, SAFE, throw made to third
Batting: SHB Juan Castro 0-0: Ball
1-0: SINGLE (Line Drive, 78S)
Eric Neal scores
Carlos Guzmán to second
Batting: LHB Pedro Zaragoza 0-0: Ball
1-0: 3-RUN HOME RUN (Flyball, 7LD), Distance : 384 ft
Pitching: LHP Shan Liu
Batting: RHB Kenneth Roberts 0-0: Called Strike
0-1: Ball
1-1: DOUBLE (Line Drive, 7LD)
Batting: LHB Harry Pitts 0-0: Fly out, F6 (Line Drive, 6)
Batting: RHB Orlando Bruno 0-0: Ball
1-0: Swinging Strike
1-1: Foul Ball, location: 2F
1-2: Strikes out swinging
Batting: RHB Clark Hodge 0-0: Ball
1-0: Foul Ball, location: 2F
1-1: Ball
2-1: Swinging Strike
2-2: SINGLE (Groundball, 4MD)
Kenneth Roberts to third
Runner from 3rd tries for Home, SAFE, no throw
Batting: SHB Juan Acevado 0-0: Called Strike
0-1: Fielders Choice at 2nd, 4-6 (Groundball, 4)
Top of the 5th over - 5 run(s), 5 hit(s), 0 error(s), 0 left on base; Austin 6 - Springfield 4
BOTTOM OF THE 5TH
Springfield Stars batting - Pitching for Austin River Sharks : LHP Dave Huot
Batting: LHB Ryan Drake 0-0: Ball
1-0: Ball
2-0: Called Strike
2-1: Ground out 6-3 (Groundball, 6M)
Batting: RHB Calvin Bennett 0-0: Ball
1-0: Called Strike
1-1: Foul Ball, location: 2F
1-2: TRIPLE (Flyball, 8RXD)
Batting: LHB Derek Davidson 0-0: Ball
1-0: 2-RUN HOME RUN (Flyball, 89XD), Distance : 414 ft
Pitching: RHP José Pérez
Batting: LHB Felipe Guerrero 0-0: Swinging Strike
0-1: Ball
1-1: Fly out, F5 (Popup, 5S)
Batting: SHB Shane Hutchinson 0-0: Foul Ball, location: 2F
0-1: Called Strike
0-2: Strikes out swinging
Bottom of the 5th over - 2 run(s), 2 hit(s), 0 error(s), 0 left on base; Austin 6 - Springfield 6
TOP OF THE 6TH
Austin River Sharks batting - Pitching for Springfield Stars : LHP Shan Liu
Batting: RHB Eric Neal 0-0: Ball
1-0: Foul Ball, location: 2F
1-1: Ground out 5-3 (Groundball, 5)
Batting: RHB Carlos Guzmán 0-0: Ball
1-0: Called Strike
1-1: Called Strike
1-2: Ball
2-2: Fly out, F9 (Flyball, 9)
Batting: SHB Juan Castro 0-0: Ball
1-0: SINGLE (Flyball, 89S)
Batting: LHB Pedro Zaragoza 0-0: Ball
1-0: Ground out 3-1 (Groundball, 34S)
Top of the 6th over - 0 run(s), 1 hit(s), 0 error(s), 1 left on base; Austin 6 - Springfield 6
BOTTOM OF THE 6TH
Springfield Stars batting - Pitching for Austin River Sharks : RHP José Pérez
Batting: LHB Elliott Newell 0-0: Called Strike
0-1: Ball
1-1: Ball
2-1: Ball
3-1: Foul Ball, location: 2F
3-2: Strikes out swinging
Batting: RHB Will Sterling 0-0: Ball
1-0: Called Strike
1-1: Ground out 6-3 (Groundball, 6M)
Batting: LHB Jesús Tobías 0-0: Ball
1-0: Ball
2-0: Ball
3-0: Called Strike
3-1: Base on Balls
Batting: RHB Juan Rodríguez 0-0: Called Strike
0-1: Ball
1-1: Ball
2-1: Foul Ball, location: 2F
2-2: Foul Ball, location: 2F
2-2: Strikes out looking
Bottom of the 6th over - 0 run(s), 0 hit(s), 0 error(s), 1 left on base; Austin 6 - Springfield 6
TOP OF THE 7TH
Austin River Sharks batting - Pitching for Springfield Stars : LHP Shan Liu
Batting: RHB Kenneth Roberts 0-0: Called Strike
0-1: Ball
1-1: Swinging Strike
1-2: Ball
2-2: Foul Ball, location: 2F
2-2: Ball
3-2: Foul Ball, location: 2F
3-2: Ground out 6-3 (Groundball, 6)
Batting: LHB Harry Pitts 0-0: Called Strike
0-1: Swinging Strike
0-2: Strikes out swinging
Batting: RHB Orlando Bruno 0-0: Ball
1-0: Ground out 3-1 (Groundball, 34S)
Top of the 7th over - 0 run(s), 0 hit(s), 0 error(s), 0 left on base; Austin 6 - Springfield 6
BOTTOM OF THE 7TH
Springfield Stars batting - Pitching for Austin River Sharks : RHP José Pérez
Batting: LHB Ryan Drake 0-0: Ball
1-0: Ball
2-0: Fly out, F8 (Flyball, 8RS)
Batting: RHB Calvin Bennett 0-0: Ball
1-0: Fly out, F8 (Flyball, 78D)
Batting: LHB Derek Davidson 0-0: Swinging Strike
0-1: Ball
1-1: SINGLE (Flyball, 78S)
Batting: LHB Felipe Guerrero 0-0: Called Strike
Derek Davidson steals 2nd base
0-1: Ball
1-1: Ball
2-1: Called Strike
2-2: SINGLE (Groundball, 56D)
Derek Davidson to third
Runner from 3rd tries for Home, throw and OUT!
Bottom of the 7th over - 0 run(s), 2 hit(s), 0 error(s), 1 left on base; Austin 6 - Springfield 6
TOP OF THE 8TH
Austin River Sharks batting - Pitching for Springfield Stars : LHP Shan Liu
Pitching: LHP Enrique Muńóz
Batting: RHB Clark Hodge 0-0: Ball
1-0: Fly out, F8 (Flyball, 78D)
Batting: SHB Juan Acevado 0-0: Ball
1-0: Called Strike
1-1: Foul Ball, location: 2F
1-2: Strikes out looking
Batting: RHB Eric Neal 0-0: Called Strike
0-1: Foul Ball, location: 2F
0-2: Foul Ball, location: 2F
0-2: Strikes out looking
Top of the 8th over - 0 run(s), 0 hit(s), 0 error(s), 0 left on base; Austin 6 - Springfield 6
BOTTOM OF THE 8TH
Springfield Stars batting - Pitching for Austin River Sharks : RHP José Pérez
Batting: SHB Shane Hutchinson 0-0: Ball
1-0: Fly out, F7 (Flyball, 78M)
Pitching: RHP Tatsuzo Harada
Batting: LHB Elliott Newell 0-0: Ball
1-0: Ball
2-0: Called Strike
2-1: Foul Ball, location: 2F
2-2: Ball
3-2: Foul Ball, location: 2F
3-2: Foul Ball, location: 2F
3-2: Base on Balls
Batting: RHB Will Sterling 0-0: Foul Ball, location: 2F
0-1: Ball
1-1: Ball
2-1: Ball
3-1: Swinging Strike
3-2: Foul Ball, location: 2F
3-2: Foul Ball, location: 2F
3-2: SINGLE (Groundball, 6MD)
Elliott Newell to second
Batting: LHB Jesús Tobías 0-0: Foul Ball, location: 2F
0-1: Ball
1-1: Foul Ball, location: 2F
1-2: Ball
2-2: Ball
3-2: Foul Ball, location: 2F
3-2: Grounds into double play, 4-6-3 (Groundball, 4)
Bottom of the 8th over - 0 run(s), 1 hit(s), 0 error(s), 1 left on base; Austin 6 - Springfield 6
TOP OF THE 9TH
Austin River Sharks batting - Pitching for Springfield Stars : LHP Enrique Muńóz
Pitching: RHP José Valdéz
Batting: RHB Carlos Guzmán 0-0: Called Strike
0-1: Foul Ball, location: 2F
0-2: Strikes out looking
Batting: SHB Juan Castro 0-0: Ball
1-0: Ball
2-0: Ball
3-0: Base on Balls
Pinch Runner at 1st Ryan Cates:
Batting: LHB Pedro Zaragoza 0-0: Called Strike
0-1: Fly out, F4 (Popup, 4MD)
Batting: RHB Kenneth Roberts 0-0: Ball
Ryan Cates is caught stealing 2nd base
Top of the 9th over - 0 run(s), 0 hit(s), 0 error(s), 0 left on base; Austin 6 - Springfield 6
BOTTOM OF THE 9TH
Springfield Stars batting - Pitching for Austin River Sharks : RHP Tatsuzo Harada
Now at 3B: Ryan Cates
Batting: RHB Juan Rodríguez 0-0: Swinging Strike
0-1: Swinging Strike
0-2: Foul Ball, location: 2F
0-2: Strikes out looking
Batting: LHB Ryan Drake 0-0: Ball
1-0: Foul Ball, location: 2F
1-1: Foul Ball, location: 2F
1-2: Ball
2-2: Strikes out swinging
Pitching: LHP Jim Sheppard
Batting: RHB Calvin Bennett 0-0: Ball
1-0: Ball
2-0: Ball
3-0: Called Strike
3-1: Swinging Strike
3-2: Fly out, F9 (Flyball, 89D)
Bottom of the 9th over - 0 run(s), 0 hit(s), 0 error(s), 0 left on base; Austin 6 - Springfield 6
TOP OF THE 10TH
Austin River Sharks batting - Pitching for Springfield Stars : RHP José Valdéz
Batting: RHB Kenneth Roberts 0-0: Ball
1-0: Ball
2-0: Foul Ball, location: 2F
2-1: Ball
3-1: Ground out 6-3 (Groundball, 6)
Batting: LHB Harry Pitts 0-0: Ball
1-0: Called Strike
1-1: Ball
2-1: Swinging Strike
2-2: Ball
3-2: Base on Balls
Batting: RHB Orlando Bruno 0-0: Ball
1-0: Foul Ball, location: 2F
1-1: Foul Ball, location: 2F
1-2: Fielders Choice at 2nd, 6-4 (Groundball, 56)
Batting: RHB Clark Hodge 0-0: Called Strike
Orlando Bruno steals 2nd base
0-1: Ball
1-1: Foul Ball, location: 2F
1-2: Foul Ball, location: 2F
1-2: Strikes out swinging
Top of the 10th over - 0 run(s), 0 hit(s), 0 error(s), 1 left on base; Austin 6 - Springfield 6
BOTTOM OF THE 10TH
Springfield Stars batting - Pitching for Austin River Sharks : LHP Jim Sheppard
Batting: LHB Derek Davidson 0-0: Swinging Strike
0-1: Foul Ball, location: 2F
0-2: SINGLE (Flyball, 8LS)
Batting: LHB Felipe Guerrero 0-0: Foul Ball, location: 2F
0-1: Ball
1-1: Ball
2-1: Ball
3-1: Called Strike
3-2: Base on Balls
Derek Davidson to second
Batting: SHB Shane Hutchinson 0-0: Foul Ball, location: 2F
0-1: Ball
1-1: Ball
2-1: Ball
3-1: SINGLE (Line Drive, 9LS)
Derek Davidson to third
Felipe Guerrero to second
Pinch Hitting: RHB Norberto Taváres 0-0: Ball
1-0: Ball
2-0: Foul Ball, location: 2F
2-1: Ball
3-1: Fly out, F9 (Line Drive, 9S)
Pinch Hitting: RHB Juan Carlos Rodríguez 0-0: Called Strike
0-1: Ball
1-1: Ball
2-1: Ball
3-1: Base on Balls
Derek Davidson scores
Felipe Guerrero to third
Shane Hutchinson to second
Thursday, March 30th, 2017 - OOTP Baseball 17.12 Build 75